 Dungeon Crawl Stone Soup version 0.28.0-1-gb440e238dd (webtiles) character file.

Game seed: 11283184644684414762

32 Jaqob the Skirmisher (level 3, -2/33 HPs)
             Began as a Draconian Berserker on Feb 23, 2022.
             Was a Believer of Trog.
             Slain by Jessica (6 damage)
             ... on level 2 of the Dungeon.
             The game lasted 00:01:31 (1469 turns).

Jaqob the Skirmisher (Draconian Berserker)          Turns: 1469, Time: 00:01:32

Health: -2/33      AC:  5    Str: 21    XL:     3   Next: 10%
Magic:  3/3        EV: 12    Int:  7    God:    Trog [**....]
Gold:   71         SH:  0    Dex: 10    Spells: 2/2 levels left

rFire   . . .      SeeInvis .   a - +0 hand axe
rCold   . . .      Faith    .   (no shield)
rNeg    . . .      Spirit   .   (armour unavailable)
rPois   .          Reflect  .   (helmet restricted)
rElec   .          Harm     .   (no cloak)
rCorr   .          Rampage  .   (no gloves)
Will    .....                   (no boots)
Stlth   +.........              (no amulet)
HPRegen 0.11/turn               (no ring)
MPRegen 0.08/turn               (no ring)

@: no status effects
A: AC +5, unfitting armour, cold-blooded
a: Renounce Religion, Berserk, Trog's Hand


You were on level 2 of the Dungeon.
You worshipped Trog.
Trog was pleased with you.
You visited 1 branch of the dungeon, and saw 2 of its levels.

You collected 71 gold pieces.

Inventory:

Hand Weapons
 a - a +0 hand axe (weapon)
Armour
 c - a +0 helmet
Jewellery
 f - a +4 ring of protection
Scrolls
 e - a scroll of amnesia {unknown}
 h - a scroll of fear {unknown}
Potions
 b - a potion of heal wounds
 d - a potion of cancellation {unknown}
 g - a potion of attraction {unknown}


   Skills:
 + Level 3.8 Fighting
 + Level 3.4 Axes
 + Level 3.1 Dodging


You had 2 spell levels left.
You didn't know any spells.
Your spell library was empty.

Dungeon Overview and Level Annotations

Branches:
Dungeon (2/15)

Altars:

Annotations:
D:2 Jessica


Innate Abilities, Weirdness & Mutations

Your plain brown scales are hard. (AC +5)
You cannot fit into any form of body armour.
You are cold-blooded and may be slowed by cold attacks.


Message History

Jessica mumbles some strange words.
Jessica seems to speed up.
The goblin barely misses you.
You hit Jessica.
Jessica is almost dead.
You completely miss the goblin.
Jessica drinks a potion.
Jessica is healed!
Jessica hits you with a +3 club. The goblin closely misses you.
Jessica hits you with a +3 club. The goblin closely misses you.
You hit Jessica.
Jessica is heavily wounded.
You hit the goblin. Jessica closely misses you. The goblin barely misses you.
Jessica casts a spell.
Jessica blinks!
Found 22 bolts.
The goblin hits you but does no damage. The goblin hits you with a +0 dagger.
You hit the goblin.
You kill the goblin!
Trog accepts your kill.
Jessica casts a spell.
Jessica blinks!
Jessica hits you with a +3 club.
You hit Jessica.
Jessica is heavily wounded.
Jessica gestures wildly.
Jessica hits you but does no damage.
Jessica gestures wildly while chanting.
Jessica blinks!
Jessica hits you with a +3 club. x2; Jessica barely misses you.
You feel yourself speed up. Jessica hits you with a +3 club.
* * * LOW HITPOINT WARNING * * *
Jessica closely misses you.
You hit Jessica.
Your tail-slap misses Jessica.
Jessica is severely wounded.
Jessica hits you with a +3 club.
* * * LOW HITPOINT WARNING * * *
You hit Jessica but do no damage.
You tail-slap Jessica, but do no damage.
Jessica is severely wounded.
Jessica closely misses you. Jessica hits you with a +3 club.
You die...

#.......# #...####.### #
#.......# ##...).....# #
#.......# #....###.## #
#......(# #.#.......###
#.......####.#.#####...#
#..........#.......#....
#.........)###.......##.
#..............###.#....
#......@@..###.#.....##.
#........### #.......##.
#####....# #####..###.
#.#### #..# #. #. #).#
#. #. ####..#... ..
.###......... .
....>...#.##.
.###.##.#....


You could see Jessica (fast).

Vanquished Creatures
  A dart slug (D:1)
  3 ball pythons (D:1)
  2 endoplasms (D:1)
  2 giant cockroaches (D:1)
  2 goblins
  A hobgoblin (D:1)
  8 kobolds
  A quokka (D:1)
  3 bats (D:1)
  A frilled lizard (D:1)
  4 rats (D:1)
28 creatures vanquished.

Notes
Turn   | Place    | Note
-------+----------+-------------------------------------------
     0 | D:1      | Jaqob the Draconian Berserker began the quest for the Orb.
     0 | D:1      | Reached XP level 1. HP: 19/19 MP: 1/1
   376 | D:1      | Reached XP level 2. HP: 14/26 MP: 2/2
   732 | D:1      | Reached ** piety under Trog
  1186 | D:1      | Reached XP level 3. HP: 33/33 MP: 3/3
  1453 | D:2      | Noticed Jessica
  1469 | D:2      | Slain by Jessica

Illustrated notes

Levels and vault maps discovered:
D:1:      nzn_arrival_water_spiral, layout_basic
D:2:      layout_basic, uniq_natasha, uniq_crazy_yiuf_cottage, uniq_jessica

Skill      XL: |  1  2 |
---------------+-------+-----
Dodging        | 3 |  3.1
Fighting       | |  3.8
Axes           | |  3.4

Action                   || total
-------------------------++-------
Melee: Hand axe          ||    80
       Tailslap          ||    12
       Punch             ||     2
 Stab: Sleeping          ||     3
Armor: Skin              ||    25
Dodge: Dodged            ||    60
